 Dungeon Crawl Stone Soup version 0.30-a0-738-g116ff8c4af (webtiles) character file.

Game seed: 2288887530571291692

682 EmilyW the Chopper (level 7, 0/61 HPs)
             Began as a Minotaur Fighter on Feb 3, 2023.
             Was an Initiate of Nemelex Xobeh.
             Slain by an orc
             ... wielding a +4 trident of venom
              (2 damage)
             ... on level 7 of the Dungeon.
             The game lasted 00:08:32 (2095 turns).

EmilyW the Chopper (Minotaur Fighter)               Turns: 2095, Time: 00:08:33

Health: 0/61       AC: 11    Str: 21    XL:     7   Next: 34%
Magic:  6/6        EV:  7    Int:  5    God:    Nemelex Xobeh [......]
Gold:   127        SH:  6    Dex: 17    Spells: 6/6 levels left

rFire   . . .      SeeInvis .    a - +0 war axe
rCold   . . .      Faith    .    c - +0 buckler
rNeg    . . .      Spirit   .    j - +0 chain mail
rPois   .          Reflect  .    (helmet restricted)
rElec   .          Harm     .    h - +0 cloak
rCorr   .          Rampage  .    (no gloves)
Will    .....                    (no boots) Stlth
                                 (no amulet)
HPRegen 0.30/turn                i - +6 ring of dexterity
MPRegen 0.10/turn                (no ring)

@: mighty, lethally poisoned (0 -> -17)
A: horns 2, retaliatory headbutt
a: Renounce Religion, Draw Escape, Draw Destruction, Draw Summoning


You were on level 7 of the Dungeon.
You worshipped Nemelex Xobeh.
Nemelex Xobeh was noncommittal.
You visited 2 branches of the dungeon, and saw 8 of its levels.

You collected 127 gold pieces.

Inventory:

Hand Weapons
 a - a +0 war axe (weapon)
Missiles
 e - 2 poisoned darts (quivered)
 k - 2 boomerangs
Armour
 c - a +0 buckler (worn)
 h - a +0 cloak (worn)
 j - a +0 chain mail (worn)
Jewellery
 i - a +6 ring of dexterity (left hand)
Wands
 n - a wand of roots (7)
Scrolls
 b - a scroll of enchant armour {unknown}
 l - a scroll of torment {unknown}
 m - a scroll of identify
 o - 2 scrolls of teleportation
 q - a scroll of silence {unknown}
 r - a scroll of enchant weapon {unknown}
Potions
 f - a potion of lignification {unknown}
 g - a potion of curing {unknown}
 p - a potion of magic {unknown}


   Skills:
 + Level 5.6 Fighting
 + Level 6.6 Axes
 + Level 5.4 Armour
 + Level 0.7 Dodging
 + Level 0.8 Stealth
 + Level 5.3 Shields


You had 6 spell levels left.
You didn't know any spells.
Your spell library was empty.

Dungeon Overview and Level Annotations

Branches:
Dungeon (7/15)             Temple (1/1) D:5

Altars:
Cheibriados
Elyvilon
Gozag
Nemelex Xobeh
Okawaru
Qazlal
Ru
Trog
Vehumet
Wu Jian
Xom
Yredelemnul
Zin
The Shining One


Innate Abilities, Weirdness & Mutations

You have a pair of horns on your head.
You reflexively headbutt those who attack you in melee.


Message History

The orc priest hits you but does no damage.
You hit the orc priest.
The orc priest is severely wounded.
The orc priest mumbles some strange prayers to Beogh against you.
Pain shoots through your body!
The orc priest hits you but does no damage.
You slash the orc priest!
You kill the orc priest!
The orc hits you but does no damage.
You are poisoned.
You closely miss the orc.
You feel very sick.
The orc hits you with a +0 short sword of speed.
The orc hits you but does no damage.
You barely miss the orc.
You feel sick. The orc hits you but does no damage.
The orc hits you from afar with a +4 trident of venom.
You are more poisoned.
The orc barely misses you.
You barely miss the orc.
You feel very sick.
The orc hits you from afar with a +4 trident of venom.
* * * LOW HITPOINT WARNING * * *
The orc hits you but does no damage. The orc barely misses you.
You barely miss the orc.
You feel very sick. The orc barely misses you. You block the orc's attack.
You barely miss the orc.
You feel sick.
The orc hits you from afar with a +4 trident of venom.
* * * LOW HITPOINT WARNING * * *
You are lethally poisoned!
The orc closely misses you. You furiously retaliate!
You headbutt the orc, but do no damage. The orc hits you but does no damage. x2
You are more poisoned.
You feel very mighty all of a sudden.
* * * LOW HITPOINT WARNING * * *
You feel very sick. The orc closely misses you.
The orc hits you from afar with a +4 trident of venom.
You die...
Your body disappears without a glow.

.. ....##...# .#####
#..##...#####
)##..#####..##.......#
.....'......≈≈...≈≈..#
.....#......≈.....≈..#
.##..##........≈.....#
############.........##.
#.≈.).≈......
#.≈..@≈o.....
#..≈.≈o......
#≈.≈.≈o≈...##
#≈.....≈#'##
#≈.≈.≈.≈....
##≈.≈.≈#.....
#≈.≈.≈#..... #≈.≈.≈#....


You could see 3 orcs.

Vanquished Creatures
  A water moccasin (D:7)
  2 sky beasts
  A centaur (D:7)
  A necrophage (D:5)
  A scorpion (D:6)
  An orc priest (D:7)
  Jessica (D:2)
  An iguana (D:6)
  Terence (D:2)
  5 adders
  2 worms
  2 dart slugs
  4 orcs
  3 endoplasms
  A goblin (D:2)
  2 hobgoblins (D:2)
  4 jackals
  2 kobolds
  7 frilled lizards
  5 rats
47 creatures vanquished.

Notes
Turn   | Place    | Note
-------+----------+-------------------------------------------
     0 | D:1      | EmilyW the Minotaur Fighter began the quest for the Orb.
     0 | D:1      | Reached XP level 1. HP: 19/19 MP: 0/0
    42 | D:2      | Reached XP level 2. HP: 27/27 MP: 1/1
   202 | D:2      | Noticed Jessica
   210 | D:2      | Killed Jessica
   211 | D:2      | Reached XP level 3. HP: 30/35 MP: 2/2
   664 | D:2      | Noticed Terence
   674 | D:2      | Killed Terence
   675 | D:2      | Reached XP level 4. HP: 25/41 MP: 3/3
  1057 | D:3      | Reached skill level 3 in Axes
  1291 | D:3      | Found a radiant altar of Vehumet.
  1650 | D:5      | Entered Level 5 of the Dungeon
  1687 | D:5      | Noticed a necrophage
  1690 | D:5      | Noticed a sky beast
  1699 | D:5      | Killed a necrophage
  1700 | D:5      | Reached skill level 5 in Fighting
  1700 | D:5      | Reached skill level 4 in Axes
  1700 | D:5      | Reached XP level 5. HP: 48/48 MP: 4/4
  1702 | D:5      | Killed a sky beast
  1725 | D:5      | Found a staircase to the Ecumenical Temple.
  1744 | D:5      | Reached XP level 6. HP: 56/56 MP: 5/5
  1758 | Temple   | Entered the Ecumenical Temple
  1758 | Temple   | Found a transporter.
  1758 | Temple   | Found a transporter.
  1760 | Temple   | Found a transporter.
  1760 | Temple   | Found a transporter.
  1775 | Temple   | Became a worshipper of Nemelex Xobeh the Trickster
  1975 | D:6      | Noticed a sky beast
  1983 | D:6      | Killed a sky beast
  1984 | D:6      | Reached skill level 5 in Axes
  1984 | D:6      | Reached skill level 5 in Armour
  2055 | D:7      | Reached skill level 6 in Axes
  2055 | D:7      | Reached XP level 7. HP: 61/61 MP: 6/6
  2078 | D:7      | Reached skill level 5 in Shields
  2095 | D:7      | HP: 2/61 [poisoned by an orc]
  2095 | D:7      | Slain by an orc

Illustrated notes

Levels and vault maps discovered:
D:1:      amcnicky_arrival_choice, layout_basic, serial_shops, shop_fountains
D:2:      layout_basic, kennysheep_small_spiral, uniq_jessica, uniq_terence
D:3:      minmay_wonky_spiral, layout_loops_ring, mainiacjoe_overflow_alcove_1,
          dk_noncrumbling_4
D:4:      layout_basic, uniq_sigmund, uniq_natasha
D:5:      layout_basic, minmay_temple_entry_tees, serial_shops,
          kennysheep_little_box
D:6:      old_forge, layout_rooms, mainiacjoe_overflow_tiny_flanked
D:7:      layout_gridville, nicolae_uskayaw_suspiria
Temple:   hellmonk_temple_divided_pantheon

Skill      XL: |  1  2  3  4  5  6  7 |
---------------+----------------------+-----
Fighting       | 4 5 |  5.6
Shields        | 4 5 |  5.3
Armour         | 4 5 |  5.4
Axes           | 4 6 |  6.6
Dodging        | |  0.7
Stealth        | |  0.8

Action                     |  1- 3 |  4- 6 |  7- 9 || total
---------------------------+-------+-------+-------++-------
  Melee: War axe           |    55 |    56 |    16 ||   127
         Headbutt          |     6 |    11 |     4 ||    21
    Use: Scroll            |     2 |     2 |       ||     4
         Potion            |       |       |     1 ||     1
 Armour: Scale mail        |    28 |       |       ||    28
         Chain mail        |       |    43 |    11 ||    54
  Dodge: Dodged            |    27 |    20 |     8 ||    55
  Block: Buckler           |    17 |    15 |     4 ||    36

Table legend: (Time is in decaauts)
 A = Elapsed time spent in this place.
 B = Non-inter-level travel time spent in this place.
 C = Inter-level travel time spent in this place.
 D = Time resting spent in this place.
 E = Time spent auto-exploring this place.
 F = Levels seen in this place.
 G = Mean time per level.
                   A        B        C        D        E       F      G
               +--------+--------+--------+--------+--------+-----+--------+
         Total |   2137 |   2072 |     65 |    131 |    921 |   8 |  267.1 |
       Dungeon |   2082 |   2028 |     54 |    131 |    919 |   7 |  297.4 |
        Temple |     55 |     44 |     11 |      0 |      2 |   1 |   55.0 |
               +--------+--------+--------+--------+--------+-----+--------+

Top non-repeatable levels by time:
     D:2: 949 daAuts
     D:3: 674 daAuts
     D:5: 277 daAuts
     D:7: 64 daAuts
     D:6: 60 daAuts
  Temple: 55 daAuts
     D:4: 49 daAuts
     D:1: 6 daAuts
